 Dungeon Crawl Stone Soup version 0.31.0-11-ge490571c62 (webtiles) character file.

Game seed: 12009734896509010079

109277 tymior the Thaumaturge (level 16, -4/126 HPs)
             Began as a Demonspawn Alchemist on Feb 1, 2024.
             Was an Elder of Ashenzari.
             Slain by a bone dragon (6 damage)
             ... on level 5 of the Abyss on Feb 2, 2024.
             The game lasted 02:08:05 (25463 turns).

tymior the Thaumaturge (Demonspawn Alchemist)      Turns: 25463, Time: 02:08:06

Health: -4/126     AC: 28    Str: 16    XL:     16   Next: 4%
Magic:  35/35      EV:  2    Int: 21    God:    Ashenzari [****..]
Gold:   959        SH:  6    Dex: 15    Spells: 6/45 levels left

rFire   + . .        T - +7 scimitar of Supernal Wisdom {protect, rPois rC+, Cun, Fort} (curse)
rCold   + + .        I - +0 buckler of Ashenzari's Vision {Sorc, Cun} (curse)
rNeg    . . .        d - melded +3 steam dragon scales
rPois   +            F - melded +2 helmet of the Fated Discomfort {Comp, Self} (curse)
rElec   +            K - melded +0 cloak of Ashenzari's Sun {Melee, Sorc} (curse)
rCorr   +            (gloves currently unavailable)
SInv    +            v - melded +0 pair of boots of Ashenzari's Lethargy {Self, Elem} (curse)
Will    +....        L - amulet of magic regeneration
Stlth   ++           e - ring "Overhang to Understand" {^Drain rPois rCorr Str+6 Dex+2, Self, Sorc} (curse)
HPRegen 0.41/turn    k - ring "Bound Malaise" {EV+5, Sorc, Elem} (curse)
MPRegen 0.64/turn

%: clarity
@: tree-form, resistant, studying Summonings
A: stationary, stasis, torment immunity, boosted hp, (hooves 2), ignite blood 2,
powered by pain 2, (sharp scales 3), sense surroundings 1, [clumsy 1], [frail
3], [no potion heal 2], [inability to read after injury 2]
a: Renounce Religion, Shatter the Chains


You were on level 5 of the Abyss.
You worshipped Ashenzari.
Ashenzari was greatly pleased with you.
You were a tree.
You visited 3 branches of the dungeon, and saw 21 of its levels.
You visited the Abyss 1 time.
You also visited: Volcano.

You collected 2448 gold pieces.
You spent 1489 gold pieces at shops.

Inventory:

Hand Weapons
 n - a +0 sling
 p - a +2 eveningstar of flaming
 T - the cursed +7 scimitar of Supernal Wisdom (weapon) {protect, rPois rC+, Cun, Fort}
   (You took it off a deep elf zephyrmancer on level 1 of the Orcish Mines)

   rC+:       It protects you from cold.
   rPois:     It protects you from poison It has a curse which improves the
   following skills: Cunning: Dodging and Stealth.
   Fortitude: Armour and Shields.
Missiles
 w - 15 atropa-tipped darts (quivered)
 D - a throwing net
Armour
 d - +3 steam dragon scales (melded)
 i - a scarf of shadows
 v - the cursed +0 pair of boots of Ashenzari's Lethargy (melded) {Self, Elem}
   (You found it on level 2 of the Dungeon)

   It has a curse which improves the following skills: Introspection: Fighting
   and Spellcasting.
   Elements:  Fire Magic, Ice Magic, Air Magic and Earth Magic.
 F - the cursed +2 helmet of the Fated Discomfort (melded) {Comp, Self}
   (You bought it in a shop on level 6 of the Dungeon)

   It has a curse which improves the following skills: Companions: Summonings
   and Necromancy.
   Introspection: Fighting and Spellcasting.
 I - the cursed +0 buckler of Ashenzari's Vision (worn) {Sorc, Cun}
   (You took it off a tengu warrior on level 13 of the Dungeon)

   It has a curse which improves the following skills: Sorcery: Conjurations and
   Alchemy.
   Cunning:   Dodging and Stealth.
 K - the cursed +0 cloak of Ashenzari's Sun (melded) {Melee, Sorc}
   (You took it off Maurice on level 9 of the Dungeon)

   It has a curse which improves the following skills: Melee Combat: Short
   Blades, Long Blades, Axes, Maces & Flails, Polearms, Staves and Unarmed
   Combat.
   Sorcery:   Conjurations and Alchemy.
 U - a +1 hat of stealth
 V - a +0 buckler
Magical Staves
 M - a staff of conjuration
Jewellery
 b - a ring of flight
 e - the cursed ring "Overhang to Understand" (left branch) {^Drain rPois rCorr Str+6 Dex+2, Self, Sorc}
   (You bought it in a shop on level 2 of the Orcish Mines)

   [ring of poison resistance]

   Str+6:     It affects your strength (+6).
   Dex+2:     It affects your dexterity (+2).
   rPois:     It protects you from poison rCorr: It protects you from acid and
   corrosion.
   ^Drain:    It drains your maximum health when unequipped.
   It has a curse which improves the following skills: Introspection: Fighting
   and Spellcasting.
   Sorcery:   Conjurations and Alchemy.
 k - the cursed ring "Bound Malaise" (right branch) {EV+5, Sorc, Elem}
   (You found it on level 1 of the Dungeon)

   [ring of evasion]

   EV+5:      It affects your evasion (+5).
   It has a curse which improves the following skills: Sorcery: Conjurations and
   Alchemy.
   Elements:  Fire Magic, Ice Magic, Air Magic and Earth Magic.
 m - a ring of wizardry
 o - a +6 ring of dexterity
 E - an amulet of the acrobat
 L - an amulet of magic regeneration (around neck)
 W - a +6 ring of strength
 X - a ring of protection from fire
Wands
 f - a wand of flame (7)
 A - a wand of paralysis (25)
 B - a wand of digging (18)
 H - a wand of mindburst (4)
 P - a wand of polymorph (4)
 R - a wand of iceblast (1)
Scrolls
 c - a scroll of teleportation
 g - 2 scrolls of fog
 l - a scroll of brand weapon
 q - a scroll of amnesia
 r - 3 scrolls of immolation
 s - 4 scrolls of noise
 x - 3 scrolls of poison
 y - 4 scrolls of vulnerability
 N - 4 scrolls of revelation
 Q - 2 scrolls of enchant weapon
Potions
 a - 5 potions of heal wounds
 j - 2 potions of mutation
 t - a potion of resistance
 u - a potion of magic
 C - 5 potions of curing
 O - 2 potions of attraction
 S - 2 potions of brilliance
 Y - a potion of might


   Skills:
 - Level 7.6(9.5) Fighting
 - Level 1.8 Polearms
 - Level 1.2(2.4) Armour
 - Level 9.2(11.9) Dodging
 - Level 1.7(3.6) Stealth
 - Level 5.1(6.9) Shields
 + Level 13.2(15.0) Spellcasting
 + Level 12.4(16.0) Conjurations
 + Level 12.6(14.3) Fire Magic
 - Level 9.5(11.4) Air Magic
 - Level 7.4(11.0) Alchemy


You had 6 spell levels left.
You knew the following spells:

 Your Spells              Type           Power      Damage    Failure   Level
a - Sting                 Conj/Alch      100%       1d9       1%          1
b - Mephitic Cloud        Conj/Alch/Air  62%        N/A       1%          3
c - Olgreb's Toxic Radia  Alch           58%        N/A       1%          4
d - Ignite Poison         Fire/Alch      62%        N/A       1%          4
e - Sticky Flame          Fire/Alch      62%        2d10      1%          4
f - Airstrike             Air            29%        2d(5-21)  1%          4
g - Plasma Beam           Fire/Air       31%        2x1d44    3%          6
h - Freezing Cloud        Conj/Ice/Air   26%        6-21      3%          5
i - Ignition              Fire           33%        3d10      65%         8

Your spell library contained the following spells:

 Spells                   Type           Power      Damage    Failure   Level
 Foxfire                  Conj/Fire      100%       2x1d9     0%          1
 Kiss of Death            Conj/Necr      100%       2d13      1%          1
 Cigotuvi's Dreadful Rot  Necr/Alch/Air  94%        N/A       1%          2
 Mercury Vapours          Alch/Air       100%       N/A       1%          2
 Static Discharge         Conj/Air       100%       3-8/arc   1%          2
 Hailstorm                Conj/Ice       49%        3d10      1%          3
 Inner Flame              Hex/Fire       45%        N/A       1%          3
 Alistair's Intoxication  Alch           38%        N/A       1%          5
 Irradiate                Conj/Alch      32%        3d22      1%          5
 Starburst                Conj/Fire      34%        6d10      1%          6
 Necrotise                Necr           60%        1d7       4%          1
 Slow                     Hex            60%        N/A       4%          1
 Summon Lightning Spire   Summ/Air       39%        N/A       4%          4
 Jinxbite                 Hex            30%        N/A       7%          2
 Eringya's Noxious Bog    Alch           29%        4d6       8%          6
 Call Canine Familiar     Summ           15%        N/A       14%         3
 Confusing Touch          Hex            15%        N/A       14%         3
 Gell's Gravitas          Tloc           15%        N/A       14%         3
 Sigil of Binding         Hex            15%        N/A       14%         3
 Summon Ice Beast         Ice/Summ       16%        N/A       14%         3
 Teleport Other           Tloc           15%        N/A       14%         3
 Vampiric Draining        Necr           15%        2d7       14%         3
 Yara's Violent Unravell  Hex/Alch       19%        3d9       14%         5
 Dimensional Bullseye     Hex/Tloc       7%         N/A       43%         4
 Dispel Undead            Necr           15%        3d10      43%         4
 Martyr's Knell           Necr/Summ      15%        N/A       43%         4
 Sculpt Simulacrum        Ice/Alch       19%        N/A       58%         6
 Borgnjor's Vile Clutch   Necr/Erth      8%         N/A       77%         5
 Death Channel            Necr           7%         N/A       100%        6
 Dispersal                Tloc           7%         N/A       100%        6
 Enfeeble                 Hex            7%         N/A       100%        7


Dungeon Overview and Level Annotations

Branches:
Dungeon (14/15)            Temple (0/1) D:6            Lair (5/5) D:9
  Swamp (0/4) Lair:2        Snake (0/4) Lair:3        Slime (0/5) Lair:4
    Orc (2/2) D:10            Elf (0/3) Orc:2       Volcano (visited)
 Vaults: D:13-14

Altars:
Ashenzari
Cheibriados
Dithmenos
Gozag
Hepliaklqana
Okawaru
Uskayaw
Wu Jian
Xom
Jiyva
Lugonu

Shops:
D:3 *(==   D:6 ![   D:11 *   Orc:2 =*([*

Portals:
Abyss: Lair:5


Innate Abilities, Weirdness & Mutations

You are a tree.
Your roots penetrate the ground, keeping you stationary.
You cannot be teleported.
You are immune to unholy pain and torment.
Your maximum health is greatly increased.
Your equipment is partially melded.
((You have hoof-like feet.))
Your demonic aura often causes spilled blood to erupt in flames.
You sometimes gain power by taking damage.
((You are completely covered in razor-sharp scales. (AC +3, Slay +3)))
You passively map a small area around you.
[You are clumsy. (Dex -2)]
[You are extremely frail. (-30% HP)]
[Potions cannot restore your health.]
[You sometimes lose the ability to read scrolls when taking damage.]


Message History

The bone dragon completely misses you.
The large abomination is engulfed in blazing flames.
There is a runelight, spattered with blood here.
Okay, then.
Okay, then.
Okay, then.
You turn into a tree.
The cursed +0 cloak of Ashenzari's Sun {Melee, Sorc} melds into your body.
The cursed +2 helmet of the Fated Discomfort {Comp, Self} melds into your body.
The cursed +0 pair of boots of Ashenzari's Lethargy {Self, Elem} melds into your body.
Your +3 steam dragon scales melds into your body.
Your roots penetrate the ground.
You feel strangely stable. The bone dragon bites you.
* * * LOW HITPOINT WARNING * * *
The bone dragon claws you but does no damage.
You block the bone dragon's attack.
The large abomination is engulfed in blazing flames.
Unknown command.
You cannot be healed by potions.
Unknown command.
Okay, then.
Okay, then.
Unknown command.
Okay, then.
Okay, then.
You are confused.
Your system rejects the healing.
You feel invigorated.
The bone dragon bites you but does no damage.
The bone dragon claws you but does no damage.
The bone dragon tramples you but does no damage.
You are too confused!
Unknown command.
Okay, then.
Unknown command.
You're too confused to cast spells.
Unknown command.
Your system rejects the healing.
You feel better.
You feel less invigorated.
Tentacles burst from the starspawn's body!
The bone dragon bites you.
You die...

,****,,,,,,****,*
,****,,*,,,,**,*,,
,,,**,****,*,**#,,*
,,,*,,,*,,,,,*#.#,,
,,,,*,,,,,,,,*.#.,,
,,∩,,,,,,,*,#...,,,*
**+******,*#..#,,,*,,,**,
,,,,,,,####..*,,*..,,****
,,,,,{,#♣#{##*.#..#,#,#,
**,**,,##D..###...#,.. ,
*,,,*,,,##○w#.....#, , ,,
,,,,,,,,#.3Xw.#*.##.*,#*
,,,,,*,,##..###,#..*### #
,,,,,*{,,#{.##.##,###....
,,,,,,,,φ#X.....#..#.. .#
,*,*,,,,*#....#....##.. .
,,*,,,**#⌠....#,.##. .##.


You could see a bone dragon, a tentacled starspawn, a smoke demon and 2
starspawn tentacles.

Vanquished Creatures
  Gastronok (D:11)
  Frances (D:12)
  4 orc warlords
  A fire dragon (Volcano)
  A great orb of eyes (D:14)
  2 ogre magi (D:14)
  A centaur warrior (D:14)
  2 rakshasas (D:14)
  Erolcha (D:9)
  7 hydras
  A catoblepas (Lair:4)
  A death knight (D:14)
  11 boulder beetles
  7 death yaks
  4 two-headed ogres
  4 tengu warriors
  3 thrashing horrors (Lair:5)
  9 orc high priests
  A deep elf knight (Orc:1)
  Urug (D:11)
  Sonja (Lair:2)
  2 skysharks
  A fire crab (Volcano)
  8 orc knights
  A necromancer (Lair:3)
  4 deep elf pyromancers
  A deep elf zephyrmancer (Orc:1)
  2 manticores
  Maurice (D:9)
  6 ugly things
  11 cyclopes
  2 orc sorcerers
  4 large abominations
  2 black mambas (Lair:4)
  An eye of devastation (Lair:4)
  3 kobold blastminers (Orc:2)
  A torpor snail (Lair:2)
  2 smoke demons (Lair:5)
  15 elephants
  A molten gargoyle (Volcano)
  2 gargoyles
  15 cane toads
  Jeremiah (D:6)
  Maggie (D:6)
  6 komodo dragons
  A kobold demonologist (D:12)
  2 freezing wraiths (D:14)
  Psyche (D:12)
  2 tengu conjurers
  3 polar bears
  10 trolls
  A troll (shapeshifter) (D:14)
  A hornet (shapeshifter) (D:13)
  2 hornets
  24 blink frogs
  11 dream sheep (Lair:5)
  A glass eye (Lair:4)
  2 raiju (Lair:5)
  A centaur simulacrum (D:14)
  3 vampires
  2 spriggans (Lair:5)
  A shadow (D:12)
  2 wyverns
  A ynoxinul (Lair:5)
  A spriggan (shapeshifter) (D:13)
  9 slime creatures
  3 wraiths
  A water elemental (D:14)
  A wyvern (shapeshifter) (D:14)
  45 yaks
  7 basilisks
  3 fire bats (Volcano)
  5 steam dragons
  3 wargs
  2 vampire mosquitoes (D:14)
  3 chaos spawn (Lair:5)
  A swamp worm (Lair:2)
  4 acid dragons
  4 nagas (Lair:3)
  4 hell hounds
  17 water moccasins
  A swamp drake (shapeshifter) (D:13)
  3 sky beasts
  18 orc warriors
  2 ice beasts
  4 laughing skulls
  5 ogres
  A crocodile (shapeshifter) (D:14)
  A boggart (D:14)
  7 wolves
  10 centaurs
  4 kobold brigands
  12 bullfrogs
  2 scorpions
  3 gnoll sergeants
  11 small abominations (Lair:5)
  8 wights
  A hornet simulacrum (D:14)
  14 killer bees
  2 electric eels
  6 howler monkeys
  6 lava snakes (Volcano)
  3 hounds
  3 jellies
  2 sleepcaps
  3 orc priests
  8 orc wizards
  3 iguanas
  3 yak simulacra (Lair:3)
  5 polar bear simulacra (Lair:3)
  2 wolf simulacra (Lair:3)
  15 gnolls
  7 adders
  A river rat (Lair:3)
  A white imp (D:7)
  2 dart slugs
  A ribbon worm (D:3)
  57 orcs
  8 endoplasms
  2 giant cockroaches
  5 goblins
  5 hobgoblins
  10 jackals
  32 kobolds
  4 quokkas
  7 ball pythons
  4 bats
  3 frilled lizards (D:1)
  2 rats
  A river rat simulacrum (Lair:3)
  A spectral goblin (D:11)
662 creatures vanquished.

Vanquished Creatures (collateral kills)
  An orc (D:5)
1 creature vanquished.

Vanquished Creatures (others)
  5 starspawn tentacles
5 creatures vanquished.

Grand Total: 668 creatures vanquished

Notes
Turn   | Place    | Note
-------+----------+-------------------------------------------
     0 | D:1      | tymior the Demonspawn Alchemist began the quest for the
                  | Orb.
     0 | D:1      | Reached XP level 1. HP: 13/13 MP: 3/3
   209 | D:1      | Gained mutation: You sometimes gain a little power by
                  | taking damage. [demonic ancestry]
   209 | D:1      | Reached XP level 2. HP: 16/19 MP: 0/5
   572 | D:1      | Gained mutation: Your demonic aura sometimes causes spilled
                  | blood to erupt in flames. [demonic ancestry]
   572 | D:1      | Reached XP level 3. HP: 24/24 MP: 3/6
   621 | D:1      | Learned a level 3 spell: Mephitic Cloud
  1276 | D:2      | Gained mutation: You are partially covered in razor-sharp
                  | scales. (AC +1, Slay +1) [demonic ancestry]
  1276 | D:2      | Reached XP level 4. HP: 29/30 MP: 2/8
  1677 | D:2      | Learned a level 4 spell: Olgreb's Toxic Radiance
  1718 | D:3      | Found Wap Zani's Jewellery Boutique.
  1755 | D:3      | Reached skill level 3 in Spellcasting
  1833 | D:3      | Found Tameogim's Jewellery Shop.
  1860 | D:3      | Found Rinniob's Weapon Shoppe.
  2181 | D:3      | Found Kuetosuv's Assorted Antiques.
  2228 | D:4      | Noticed a gnoll sergeant
  2345 | D:4      | Killed a gnoll sergeant
  2346 | D:4      | Reached skill level 1 in Air Magic
  2346 | D:4      | Gained mutation: Your demonic aura often causes spilled
                  | blood to erupt in flames. [demonic ancestry]
  2346 | D:4      | Reached XP level 5. HP: 25/35 MP: 6/9
  2704 | D:4      | Gained mutation: You are mostly covered in razor-sharp
                  | scales. (AC +2, Slay +2) [demonic ancestry]
  2704 | D:4      | Reached XP level 6. HP: 38/41 MP: 3/11
  2759 | D:4      | Learned a level 4 spell: Ignite Poison
  3444 | D:5      | Entered Level 5 of the Dungeon
  3456 | D:5      | Found a shadowy altar of Dithmenos.
  3647 | D:5      | Reached skill level 4 in Spellcasting
  3647 | D:5      | Reached skill level 1 in Fire Magic
  3876 | D:5      | Reached XP level 7. HP: 46/46 MP: 6/13
  4012 | D:5      | Reached skill level 5 in Alchemy
  4013 | D:5      | Reached skill level 1 in Armour
  4304 | D:5      | Found a broken altar of Ashenzari.
  4304 | D:5      | Found a faded altar of an unknown god.
  4309 | D:5      | Found a faded altar of an unknown god.
  4312 | D:5      | Became a worshipper of Ashenzari the Shackled
  4316 | D:5      | Found a shimmering altar of Xom.
  4318 | D:5      | Found an opulent altar of Gozag.
  4663 | D:6      | Noticed Jeremiah
  4668 | D:6      | Killed Jeremiah
  4669 | D:6      | Reached skill level 5 in Spellcasting
  4669 | D:6      | Reached XP level 8. HP: 52/52 MP: 0/15
  4676 | D:6      | Found Kocukikk's Distillery.
  4832 | D:6      | Noticed Maggie
  4848 | D:6      | Killed Maggie
  4925 | D:6      | Learned a level 4 spell: Sticky Flame
  5088 | D:6      | Found Hehit's Antique Armour Shop.
  5097 | D:6      | Bought a glowing helmet for 195 gold pieces
  5278 | D:6      | Found a staircase to the Ecumenical Temple.
  5921 | D:7      | Reached skill level 6 in Spellcasting
  5921 | D:7      | Reached skill level 5 in Conjurations
  5921 | D:7      | Gained mutation: You have large cloven feet. [demonic
                  | ancestry]
  5921 | D:7      | Reached XP level 9. HP: 57/57 MP: 8/18
  6088 | D:7      | Found a snail-covered altar of Cheibriados.
  6448 | D:6      | Bought 2 potions of heal wounds for 130 gold pieces
  6474 | D:8      | Reached skill level 1 in Fighting
  6520 | D:8      | Reached skill level 5 in Fire Magic
  7274 | D:8      | Reached XP level 10. HP: 65/69 MP: 11/20
  7282 | D:8      | Reached skill level 7 in Spellcasting
  7373 | D:8      | Found an iron altar of Okawaru.
  7528 | D:9      | Learned a level 4 spell: Airstrike
  7566 | D:9      | Found a staircase to the Lair.
  7576 | D:9      | Noticed Maurice
  7584 | D:9      | Killed Maurice
  7672 | D:9      | Noticed Erolcha
  7707 | D:9      | Killed Erolcha
  8413 | D:9      | Reached * piety under Ashenzari
  8430 | D:9      | Reached XP level 11. HP: 80/80 MP: 15/23
  8777 | D:10     | Entered Level 10 of the Dungeon
  8783 | D:10     | Reached skill level 5 in Dodging
  8784 | D:10     | Reached skill level 5 in Fighting
  8784 | D:10     | Reached ** piety under Ashenzari
  8848 | D:10     | Found a staircase to the Orcish Mines.
  8974 | D:10     | Reached skill level 8 in Spellcasting
  9853 | Lair:1   | Entered Level 1 of the Lair of Beasts
  9857 | Lair:1   | Reached skill level 1 in Polearms
  9907 | Lair:1   | Identified the +2 leather armour of Summertime {Harm rN+}
 10435 | Lair:1   | Learned a level 6 spell: Plasma Beam
 10940 | Lair:2   | Noticed Sonja
 10944 | Lair:2   | Killed Sonja
 10988 | Lair:2   | Noticed a boulder beetle
 10991 | Lair:2   | Reached skill level 5 in Air Magic
 10993 | Lair:2   | Noticed a four-headed hydra
 11005 | Lair:2   | Killed a four-headed hydra
 11015 | Lair:2   | Killed a boulder beetle
 11019 | Lair:2   | Reached XP level 12. HP: 62/91 MP: 1/26
 11066 | Lair:2   | Found a dark tunnel.
 11111 | Volcano  | Entered a volcano
 11159 | Volcano  | Learned a level 5 spell: Irradiate
 11375 | Volcano  | Noticed a fire dragon
 11387 | Volcano  | Reached skill level 9 in Spellcasting
 11397 | Volcano  | Killed a fire dragon
 11514 | Volcano  | Found a burning altar of Makhleb.
 11549 | Volcano  | Found a burning altar of Makhleb.
 12318 | Lair:2   | Noticed a boulder beetle
 12327 | Lair:2   | Killed a boulder beetle
 12546 | Lair:2   | Found a hide-covered altar of Uskayaw.
 12547 | Lair:2   | Noticed a boulder beetle
 12549 | Lair:2   | Found an ornate altar of the Wu Jian Council.
 12558 | Lair:2   | Killed a boulder beetle
 12772 | Lair:2   | Found a staircase to the Swamp.
 13292 | Lair:3   | Noticed a boulder beetle
 13304 | Lair:3   | Identified the granite talisman of Kiypohuw {MP+9}
 13376 | Lair:3   | Killed a boulder beetle
 13477 | Lair:3   | Reached skill level 10 in Conjurations
 13745 | Lair:3   | Found a staircase to the Snake Pit.
 13788 | Lair:3   | Reached skill level 10 in Spellcasting
 13882 | Lair:3   | Noticed a death yak
 13885 | Lair:3   | Noticed a death yak
 13885 | Lair:3   | Noticed a death yak
 13890 | Lair:3   | Killed a death yak
 13890 | Lair:3   | Killed a death yak
 13900 | Lair:3   | Killed a death yak
 13901 | Lair:3   | Gained mutation: You have hoof-like feet. [demonic
                  | ancestry]
 13901 | Lair:3   | Reached XP level 13. HP: 91/96 MP: 2/28
 15125 | Lair:4   | Reached *** piety under Ashenzari
 15380 | Lair:4   | Found a viscous altar of Jiyva.
 15380 | Lair:4   | Found a staircase to the Slime Pits.
 15690 | Lair:4   | You fall into a shaft and drop 1 floor!
 15690 | Lair:5   | Entered Level 5 of the Lair of Beasts
 15706 | Lair:5   | Reached **** piety under Ashenzari
 16326 | Lair:5   | Reached skill level 10 in Fire Magic
 16867 | Lair:5   | Reached skill level 11 in Spellcasting
 17149 | Lair:5   | Gained mutation: You are completely covered in razor-sharp
                  | scales. (AC +3, Slay +3) [demonic ancestry]
 17149 | Lair:5   | Reached XP level 14. HP: 109/109 MP: 20/32
 17998 | Lair:5   | Identified the +3 battleaxe of Perversion {flame, Int+4}
 18393 | Lair:5   | Found a corrupted altar of Lugonu.
 18393 | Lair:5   | Found a one-way gate to the infinite horrors of the Abyss.
 18992 | Orc:1    | Entered Level 1 of the Orcish Mines
 19325 | Orc:1    | Noticed an orc warlord
 19325 | Orc:1    | Noticed an orc warlord
 19327 | Orc:1    | Identified the +7 scimitar "Lafriq" {protect, rPois rC+}
 19332 | Orc:1    | Killed an orc warlord
 19565 | D:10     | Killed an orc warlord
 19814 | D:10     | Learned a level 8 spell: Ignition
 20027 | Orc:1    | Noticed an orc warlord
 20051 | Orc:1    | Killed an orc warlord
 20204 | Orc:2    | Entered Level 2 of the Orcish Mines
 20204 | Orc:2    | Found Lyxethog's Jewellery Shoppe.
 20213 | Orc:2    | Gained mutation: [You are clumsy. (Dex -2)] [a neqoxec]
 20378 | Orc:2    | Reached skill level 12 in Spellcasting
 20702 | Orc:2    | Reached XP level 15. HP: 115/115 MP: 22/33
 20866 | Orc:2    | Found Soiniben's General Store.
 20940 | Orc:2    | Found Veroeli's Antique Weapon Shop.
 20956 | Orc:2    | Found Dusoosch's Mayhem Merchandise.
 21177 | Orc:2    | Found Rowocod's Antique Armour Shop.
 21253 | Orc:2    | Found a staircase to the Elven Halls.
 21285 | Orc:2    | Bought the ring "Xeozuul" {^Drain rPois rCorr Str+6 Dex+2}
                  | for 744 gold pieces
 21458 | D:11     | Found Funor's Assorted Antiques.
 21599 | D:3      | Bought an amulet of magic regeneration for 420 gold pieces
 21806 | D:11     | Noticed Gastronok
 21823 | D:11     | Killed Gastronok
 22108 | D:11     | Found a hazy altar of Hepliaklqana.
 22221 | D:11     | Noticed Urug
 22224 | D:11     | Killed Urug
 22554 | D:12     | Noticed Psyche
 22560 | D:12     | Noticed Frances
 22749 | D:12     | Killed Psyche
 22758 | D:12     | Identified the cursed +0 cloak of Ashenzari's Sun {Melee,
                  | Sorc} (You took it off Maurice on level 9 of the Dungeon)
 22758 | D:12     | Identified the cursed +2 helmet of the Fated Discomfort
                  | {Comp, Self} (You bought it in a shop on level 6 of the
                  | Dungeon)
 22758 | D:12     | Identified the cursed +0 pair of boots of Ashenzari's
                  | Lethargy {Self, Elem} (You found it on level 2 of the
                  | Dungeon)
 22779 | D:12     | Killed Frances
 22929 | D:12     | Learned a level 5 spell: Freezing Cloud
 24313 | D:13     | Reached skill level 1 in Shields
 24388 | D:13     | Identified the Octavo of Mortuary Bolts
 24833 | D:14     | Reached skill level 5 in Shields
 24920 | D:14     | Reached skill level 13 in Spellcasting
 25005 | D:14     | Identified the +0 dire flail "Neskauhe" {pain, rN+}
 25074 | D:14     | Gained mutation: You sometimes gain power by taking damage.
                  | [demonic ancestry]
 25074 | D:14     | Reached XP level 16. HP: 125/125 MP: 24/36
 25161 | D:14     | Identified the staff of Querph {rElec rF+ rN+ Fire}
 25167 | Abyss:2  | Noticed a tentacled monstrosity
 25167 | Abyss:2  | Noticed a tentacled starspawn
 25167 | Abyss:2  | Noticed a tentacled monstrosity
 25167 | Abyss:2  | Found a transporter.
 25167 | Abyss:2  | Found a corrupted altar of Lugonu.
 25167 | Abyss:2  | Found a corrupted altar of Lugonu.
 25167 | Abyss:2  | Cast into level 2 of the Abyss (an occultist)
 25170 | Abyss:2  | Found a transporter.
 25170 | Abyss:2  | Noticed a tentacled starspawn
 25192 | Abyss:3  | Lost mutation: [You are very clumsy. (Dex -4)] [potion of
                  | mutation]
 25192 | Abyss:3  | Gained mutation: Your system is resistant to poisons.
                  | (rPois) [potion of mutation]
 25249 | Abyss:4  | Lost mutation: Your system is resistant to poisons. (rPois)
                  | [potion of mutation]
 25249 | Abyss:4  | Gained mutation: You passively map a small area around you.
                  | [potion of mutation]
 25253 | Abyss:5  | Noticed a tentacled starspawn
 25256 | Abyss:5  | Noticed a tentacled monstrosity
 25376 | Abyss:5  | Noticed a tentacled starspawn
 25396 | Abyss:5  | Found a corrupted altar of Lugonu.
 25425 | Abyss:5  | Noticed a tentacled starspawn
 25438 | Abyss:5  | Found a corrupted altar of Lugonu.
 25446 | Abyss:5  | Noticed a bone dragon
 25460 | Abyss:5  | HP: 1/87 [bone dragon (16)]
 25463 | Abyss:5  | Slain by a bone dragon

Illustrated notes

Levels and vault maps discovered:
D:1:      ncdulo_watergridlock, layout_basic
D:2:      layout_loops_ring
D:3:      layout_basic, elyvilon_altar_5, serial_shops, shop, shop,
          nicolae_shop_gaudy_bauble, shop
D:4:      layout_gridville, nrook_mini_backslash, minmay_manual_mandibuliform
D:5:      layout_loops_ring, mainiacjoe_overflow_concentric_impassable,
          chequers_temple_overflow_minitemple, serial_bayou_lake_a
D:6:      layout_loops_corners, minmay_temple_entry_overgrown, serial_shops,
          shop, nicolae_take_the_stairs, minmay_strange_pillars, uniq_maggie,
          uniq_jeremiah
D:7:      layout_gridville, amcnicky_altar_gilded, kennysheep_generic_room_9
D:8:      layout_rooms, okawaru_ov_weapons_minmay, special_room
          [special_room_orc]
D:9:      layout_loops_cross, lair_entry_dummy, uniq_erolcha, uniq_maurice
D:10:     layout_roguey, orc_0_dummy
D:11:     layout_roguey, serial_shops, shop,
          nicolae_hepliaklqana_monster_ancestors, uniq_gastronok, uniq_urug
D:12:     layout_layer_cave, uniq_psyche, uniq_frances
D:13:     minmay_blocky_corners, layout_irregular_city, st_stairs_11
D:14:     minmay_the_grid_square_5x5_4x4 [minmay_the_grid_square_5x5_n_small,
          minmay_the_grid_square_5x5_mess,
          minmay_the_grid_square_5x5_misaligned, minmay_the_grid_square_5x5_two,
          minmay_the_grid_square_5x5_dogpile,
          minmay_the_grid_square_5x5_prize_junk,
          minmay_the_grid_square_5x5_prize_snowflake,
          minmay_the_grid_square_5x5_checkered,
          minmay_the_grid_square_5x5_inner_v,
          minmay_the_grid_square_5x5_prize_deathbox,
          minmay_the_grid_square_5x5_prize_itemx,
          minmay_the_grid_square_5x5_tri_point,
          minmay_the_grid_square_5x5_six_small, minmay_the_grid_square_5x5_c,
          minmay_the_grid_square_5x5_fancy_junction,
          minmay_the_grid_square_5x5_broken_cross], layout_long_grid,
          david_vaults_4, palyth_stone_intersect, minivault_14, st_stairs_8,
          hangedman_cracks_in_the_wall, uniq_roxanne
Lair:1:   layout_regular_city
Lair:2:   layout_cellular_growth, minmay_swamp_entry_worms, enter_volcano_3,
          nzn_masters_of_martial_movement, uniq_sonja
Lair:3:   layout_layer_cave, minmay_snake_entry_guardpost_large,
          eino_house_with_fridge, serial_bayou_shore_a
Lair:4:   layout_layer_cave, minmay_slime_entry_eyes, serial_bayou_shore_b
Lair:5:   hellmonk_lair_end_abyssal_woods, layout_cave_pods, st_stairs_8
Orc:1:    cheibrodos_orc_arena, layout_diamond_mine, elf_legates
Orc:2:    grunt_orc_gardens, layout_diamond_mine, grunt_orc_garden,
          grunt_orc_garden, grunt_orc_garden, grunt_orc_garden,
          minmay_shop_mayhem
Abyss:5:  base: Temple, evilmike_abyss_exit_9, minivault_1,
          evilmike_abyss_rune_siren_acolytes, hangedman_decor_points,
          nicolae_abyss_rune_star_stuff

Skill      XL: |  1  2  3  4  5  6  7  8  9 10 11 12 13 14 15 |
---------------+----------------------------------------------+-----
Conjurations   | 2 3 4 5 6 7 8 10 11 12 | 12.4
Spellcasting   | 3 4 5 6 7 8 10 11 12 13 | 13.2
Air Magic      | 1 2 3 5 7 8 9 |  9.5
Alchemy        | 4 5 6 7 |  7.4
Fire Magic     | 1 3 4 5 6 7 9 10 11 12 | 12.6
Armour         | 1 |  1.2
Dodging        | 3 4 5 6 7 9 |  9.2
Fighting       | 2 4 5 6 7 |  7.6
Polearms       | 1 |  1.8
Shields        | 5 |  5.1
Stealth        | |  1.7

Action                     |  1- 3 |  4- 6 |  7- 9 | 10-12 | 13-15 | 16-18 || total
---------------------------+-------+-------+-------+-------+-------+-------++-------
  Melee: War axe           |    49 |       |     3 |       |       |       ||    52
         Punch             |     1 |       |     1 |     2 |     3 |       ||     7
         Trident           |       |       |    59 |   211 |   286 |       ||   556
         Scimitar          |       |       |       |       |   185 |    21 ||   206
   Fire: Sling             |    16 |    30 |     6 |       |       |       ||    52
  Throw: Dart              |       |       |     1 |       |       |       ||     1
   Cast: Sting             |    55 |    84 |    33 |     6 |       |       ||   178
         Olgreb's Toxic Ra |       |     4 |    21 |    42 |    91 |       ||   158
         Mephitic Cloud    |       |     1 |     8 |     6 |     2 |       ||    17
         Ignite Poison     |       |       |    17 |    27 |    69 |       ||   113
         Sticky Flame      |       |       |    12 |    18 |    37 |     3 ||    70
         Airstrike         |       |       |       |    86 |    31 |       ||   117
         Plasma Beam       |       |       |       |     2 |    64 |     8 ||    74
         Freezing Cloud    |       |       |       |       |    24 |     2 ||    26
 Invoke: Curse Item        |       |       |     1 |     3 |     4 |     1 ||     9
         Shatter the Chain |       |       |       |       |     2 |       ||     2
  Evoke: Wand              |       |       |       |     8 |     6 |       ||    14
    Use: Potion            |     5 |     1 |     4 |     7 |     4 |    11 ||    32
         Scroll            |       |     2 |    11 |     6 |     5 |     5 ||    29
   Stab: Sleeping          |       |       |     2 |       |     2 |       ||     4
         Confused          |       |       |       |     4 |       |       ||     4
         Paralysed         |       |       |       |     2 |       |       ||     2
 Armour: Robe              |    44 |    12 |    27 |       |       |       ||    83
         Ring mail         |       |     3 |       |     1 |       |       ||     4
         Steam dragon scal |       |       |    24 |   133 |   257 |    42 ||   456
         Skin              |       |       |       |       |     3 |     6 ||     9
  Dodge: Dodged            |    86 |    27 |   105 |   192 |   628 |    44 ||  1082
  Block: Buckler           |       |       |       |       |    30 |    16 ||    46
